SNL (28 & UNDER)
WICHITA WRANGLERS @ SALEM SILVER SOULS
05/15/2025
 
TOP OF THE 1ST
Wichita Wranglers batting - Pitching for Salem Silver Souls : RHP Paul Miller
Pitching: RHP Paul Miller
Batting: RHB Desi Thompson 0-0: Called Strike
0-1: Ball
1-1: Called Strike
1-2: Strikes out swinging
Batting: RHB Ed Watkins 0-0: Ball
1-0: Called Strike
1-1: Ball
2-1: Fly out, F7 (Flyball, 78M)
Batting: RHB Jesús Ibarra 0-0: SINGLE (Groundball, 5D)
Batting: RHB Bob Hall 0-0: Ball
1-0: Called Strike
1-1: Ball
2-1: Called Strike
2-2: Strikes out swinging
Top of the 1st over - 0 run(s), 1 hit(s), 0 error(s), 1 left on base; Wichita 0 - Salem 0
BOTTOM OF THE 1ST
Salem Silver Souls batting - Pitching for Wichita Wranglers : RHP George Lockhart
Pitching: RHP George Lockhart
Batting: RHB Gabriel Miranda 0-0: Foul Ball, location: 2F
0-1: Ball
1-1: Ball
2-1: Fly out, F7 (Line Drive, 7D)
Batting: RHB Carlos García 0-0: Ground out 4-3 (Groundball, 4M)
Batting: LHB Raúl Cordero 0-0: Ball
1-0: Ball
2-0: Called Strike
2-1: Foul Ball, location: 2F
2-2: SINGLE (Line Drive, 4M)
Batting: RHB Lonson Seals 0-0: Ball
Passed Ball!
Raúl Cordero to second
1-0: Ground out U3 (Groundball, 3S)
Bottom of the 1st over - 0 run(s), 1 hit(s), 0 error(s), 1 left on base; Wichita 0 - Salem 0
TOP OF THE 2ND
Wichita Wranglers batting - Pitching for Salem Silver Souls : RHP Paul Miller
Batting: LHB Aurelio Torrez 0-0: Ball
1-0: Ball
2-0: Foul Ball, location: 2F
2-1: Ball
3-1: Swinging Strike
3-2: Ground out 3-1 (Groundball, 34)
Batting: RHB Don Thomas 0-0: Ball
1-0: Ball
2-0: Ball
3-0: Base on Balls
Batting: SHB Javier Peña 0-0: Ball
1-0: Ball
2-0: Called Strike
2-1: Swinging Strike
2-2: Foul Ball, location: 2F
2-2: Ball
3-2: Base on Balls
Don Thomas to second
Batting: RHB Javier Coronado 0-0: Ball
1-0: Foul Ball, location: 2F
1-1: Called Strike
1-2: Ball
2-2: Ball
3-2: Strikes out looking
Batting: RHB Dave Henderson 0-0: Swinging Strike
0-1: Swinging Strike
0-2: Foul Ball, location: 2F
0-2: Strikes out swinging
Top of the 2nd over - 0 run(s), 0 hit(s), 0 error(s), 2 left on base; Wichita 0 - Salem 0
BOTTOM OF THE 2ND
Salem Silver Souls batting - Pitching for Wichita Wranglers : RHP George Lockhart
Batting: LHB Bill Smith 0-0: Foul Ball, location: 2F
0-1: Foul Ball, location: 2F
0-2: Ball
1-2: TRIPLE (Flyball, 89XD)
Batting: LHB Millard Dye 0-0: Ball
1-0: Swinging Strike
1-1: Fly out, F7 (Flyball, 78S)
Batting: RHB Gustavo Pagán 0-0: Ball
1-0: SINGLE (Line Drive, 89S)
Bill Smith scores
Batting: RHB Jesús Gutiérrez 0-0: Called Strike
0-1: Ball
1-1: Grounds into double play, 6-4-3 (Groundball, 6)
Bottom of the 2nd over - 1 run(s), 2 hit(s), 0 error(s), 0 left on base; Wichita 0 - Salem 1
TOP OF THE 3RD
Wichita Wranglers batting - Pitching for Salem Silver Souls : RHP Paul Miller
Batting: RHB Desi Thompson 0-0: Ball
1-0: Called Strike
1-1: Swinging Strike
1-2: Strikes out swinging
Batting: RHB Ed Watkins 0-0: Ball
1-0: Ball
2-0: Called Strike
2-1: Ball
3-1: Base on Balls
Batting: RHB Jesús Ibarra 0-0: Foul Ball, location: 2F
0-1: Swinging Strike
0-2: Ball
1-2: Ball
2-2: Foul Ball, location: 2F
2-2: Strikes out swinging
Batting: RHB Bob Hall 0-0: Ball
1-0: Ball
2-0: Foul Ball, location: 2F
2-1: Swinging Strike
2-2: Ball
Ed Watkins steals 2nd base
3-2: Fly out, F9 (Flyball, 9M)
Top of the 3rd over - 0 run(s), 0 hit(s), 0 error(s), 1 left on base; Wichita 0 - Salem 1
BOTTOM OF THE 3RD
Salem Silver Souls batting - Pitching for Wichita Wranglers : RHP George Lockhart
Batting: RHB Alejandro Martínez 0-0: Ball
1-0: Foul Ball, location: 2F
1-1: Swinging Strike
1-2: Ball
2-2: TRIPLE (Flyball, 9LM)
Batting: RHB Gabriel Miranda 0-0: Ball
1-0: Ball
2-0: Ground out 6-3 (Groundball, 6)
Alejandro Martínez scores
Batting: RHB Carlos García 0-0: Ball
1-0: Fly out, F9 (Flyball, 9D)
Batting: LHB Raúl Cordero 0-0: Called Strike
0-1: Ball
1-1: Ball
2-1: Ball
3-1: Base on Balls
Batting: RHB Lonson Seals 0-0: Swinging Strike
0-1: Ground out 4-3 (Groundball, 4)
Bottom of the 3rd over - 1 run(s), 1 hit(s), 0 error(s), 1 left on base; Wichita 0 - Salem 2
TOP OF THE 4TH
Wichita Wranglers batting - Pitching for Salem Silver Souls : RHP Paul Miller
Batting: LHB Aurelio Torrez 0-0: Called Strike
0-1: Called Strike
0-2: Ball
1-2: Foul Ball, location: 2F
1-2: Strikes out swinging
Batting: RHB Don Thomas 0-0: Swinging Strike
0-1: Ball
1-1: Foul Ball, location: 2F
1-2: Strikes out swinging
Batting: SHB Javier Peña 0-0: Called Strike
0-1: Ball
1-1: Ball
2-1: Swinging Strike
2-2: Ball
3-2: Strikes out swinging
Top of the 4th over - 0 run(s), 0 hit(s), 0 error(s), 0 left on base; Wichita 0 - Salem 2
BOTTOM OF THE 4TH
Salem Silver Souls batting - Pitching for Wichita Wranglers : RHP George Lockhart
Batting: LHB Bill Smith 0-0: Ground out 4-3 (Groundball, 4S)
Batting: LHB Millard Dye 0-0: Ball
1-0: Foul Ball, location: 2F
1-1: Foul Ball, location: 2F
1-2: Ball
2-2: Foul Ball, location: 2F
2-2: Strikes out looking
Batting: RHB Gustavo Pagán 0-0: Ball
1-0: Called Strike
1-1: Ball
2-1: Reached on error, E6 (Groundball, 56)
Batting: RHB Jesús Gutiérrez 0-0: Called Strike
0-1: Ball
1-1: Ball
2-1: Fly out, F8 (Flyball, 8RM)
Bottom of the 4th over - 0 run(s), 0 hit(s), 1 error(s), 1 left on base; Wichita 0 - Salem 2
TOP OF THE 5TH
Wichita Wranglers batting - Pitching for Salem Silver Souls : RHP Paul Miller
Batting: RHB Javier Coronado 0-0: Called Strike
0-1: Called Strike
0-2: Ball
1-2: Ball
2-2: Strikes out looking
Batting: RHB Dave Henderson 0-0: Ball
1-0: Swinging Strike
1-1: Foul Ball, location: 2F
1-2: Strikes out swinging
Batting: RHB Desi Thompson 0-0: Called Strike
0-1: Ball
1-1: Called Strike
1-2: Ball
2-2: Ball
3-2: Strikes out looking
Top of the 5th over - 0 run(s), 0 hit(s), 0 error(s), 0 left on base; Wichita 0 - Salem 2
BOTTOM OF THE 5TH
Salem Silver Souls batting - Pitching for Wichita Wranglers : RHP George Lockhart
Batting: RHB Alejandro Martínez 0-0: Called Strike
0-1: Fly out, F7 (Flyball, 7LM)
Batting: RHB Gabriel Miranda 0-0: Swinging Strike
0-1: Ball
1-1: Called Strike
1-2: Foul Ball, location: 2F
1-2: Ball
2-2: Ball
3-2: SINGLE (Flyball, 7LM)
Batting: RHB Carlos García 0-0: Ball
1-0: Fly out, F8 (Flyball, 8LXD)
Batting: LHB Raúl Cordero 0-0: Ball
1-0: Swinging Strike
1-1: Foul Ball, location: 2F
1-2: Ball
2-2: Fielders Choice at 2nd, U4 (Groundball, 4M)
Bottom of the 5th over - 0 run(s), 1 hit(s), 0 error(s), 1 left on base; Wichita 0 - Salem 2
TOP OF THE 6TH
Wichita Wranglers batting - Pitching for Salem Silver Souls : RHP Paul Miller
Batting: RHB Ed Watkins 0-0: Ball
1-0: Swinging Strike
1-1: Ball
2-1: Foul Ball, location: 2F
2-2: Strikes out looking
Pitching: RHP Fernando Gutiérrez
Batting: RHB Jesús Ibarra 0-0: Foul Ball, location: 2F
0-1: Ball
1-1: Foul Ball, location: 2F
1-2: Ball
2-2: Ball
3-2: Foul Ball, location: 2F
3-2: Foul Ball, location: 2F
3-2: Strikes out swinging
Batting: RHB Bob Hall 0-0: Ball
1-0: Swinging Strike
1-1: Called Strike
1-2: Ball
2-2: Ground out 5-3 (Groundball, 56S)
Top of the 6th over - 0 run(s), 0 hit(s), 0 error(s), 0 left on base; Wichita 0 - Salem 2
BOTTOM OF THE 6TH
Salem Silver Souls batting - Pitching for Wichita Wranglers : RHP George Lockhart
Batting: RHB Lonson Seals 0-0: Foul Ball, location: 2F
0-1: Ground out 5-3 (Groundball, 56)
Batting: LHB Bill Smith 0-0: Ball
1-0: Called Strike
1-1: Ball
2-1: Swinging Strike
2-2: Strikes out swinging
Batting: LHB Millard Dye 0-0: Ground out 6-3 (Groundball, 6)
Bottom of the 6th over - 0 run(s), 0 hit(s), 0 error(s), 0 left on base; Wichita 0 - Salem 2
TOP OF THE 7TH
Wichita Wranglers batting - Pitching for Salem Silver Souls : RHP Fernando Gutiérrez
Batting: LHB Aurelio Torrez 0-0: Swinging Strike
0-1: Ball
1-1: Called Strike
1-2: Ball
2-2: Strikes out swinging
Batting: RHB Don Thomas 0-0: Fly out, F8 (Flyball, 8LM)
Batting: SHB Javier Peña 0-0: Ball
1-0: Ball
2-0: Called Strike
2-1: Foul Ball, location: 2F
2-2: Foul Ball, location: 2F
2-2: Strikes out swinging
Top of the 7th over - 0 run(s), 0 hit(s), 0 error(s), 0 left on base; Wichita 0 - Salem 2
BOTTOM OF THE 7TH
Salem Silver Souls batting - Pitching for Wichita Wranglers : RHP George Lockhart
Batting: RHB Gustavo Pagán 0-0: Foul Ball, location: 2F
0-1: Swinging Strike
0-2: Ball
1-2: Ball
2-2: Strikes out swinging
Batting: RHB Jesús Gutiérrez 0-0: DOUBLE (Flyball, 89XD)
Batting: RHB Alejandro Martínez 0-0: Foul Ball, location: 2F
0-1: Ball
1-1: Foul Ball, location: 2F
Balk!
Jesús Gutiérrez to third
1-2: Ball
2-2: Strikes out swinging
Batting: RHB Gabriel Miranda 0-0: Fly out, F7 (Flyball, 7M)
Bottom of the 7th over - 0 run(s), 1 hit(s), 0 error(s), 1 left on base; Wichita 0 - Salem 2
TOP OF THE 8TH
Wichita Wranglers batting - Pitching for Salem Silver Souls : RHP Fernando Gutiérrez
Batting: RHB Javier Coronado 0-0: Called Strike
0-1: Called Strike
0-2: Ball
1-2: Ball
2-2: Foul Ball, location: 2F
2-2: Foul Ball, location: 2F
2-2: Strikes out swinging
Pitching: RHP Jeff Hansen
Batting: RHB Dave Henderson 0-0: Called Strike
0-1: Ball
1-1: Called Strike
1-2: Strikes out swinging
Batting: RHB Desi Thompson 0-0: Ball
1-0: Ball
2-0: Ball
3-0: Called Strike
3-1: Foul Ball, location: 2F
3-2: Base on Balls
Batting: RHB Ed Watkins 0-0: Swinging Strike
0-1: Foul Ball, location: 2F
0-2: SINGLE (Groundball, 4MD)
Desi Thompson to second
Batting: RHB Jesús Ibarra 0-0: Ball
1-0: Ball
2-0: Called Strike
2-1: Swinging Strike
2-2: Foul Ball, location: 2F
2-2: Strikes out swinging
Top of the 8th over - 0 run(s), 1 hit(s), 0 error(s), 2 left on base; Wichita 0 - Salem 2
BOTTOM OF THE 8TH
Salem Silver Souls batting - Pitching for Wichita Wranglers : RHP George Lockhart
Batting: RHB Carlos García 0-0: Called Strike
0-1: Called Strike
0-2: Strikes out swinging
Pitching: LHP John Livingston
Batting: LHB Raúl Cordero 0-0: Foul Ball, location: 2F
0-1: Ground out 3-1 (Groundball, 34S)
Batting: RHB Lonson Seals 0-0: Called Strike
0-1: Ball
1-1: Swinging Strike
1-2: Ball
2-2: Ground out 1-3 (Groundball, 15)
Bottom of the 8th over - 0 run(s), 0 hit(s), 0 error(s), 0 left on base; Wichita 0 - Salem 2
TOP OF THE 9TH
Wichita Wranglers batting - Pitching for Salem Silver Souls : RHP Jeff Hansen
Pitching: RHP Andy Hickey
Now at 2B: Augusto Baiano
Batting: RHB Bob Hall 0-0: Foul Ball, location: 2F
0-1: Ground out 6-3 (Groundball, 56D)
Batting: LHB Aurelio Torrez 0-0: Foul Ball, location: 2F
0-1: Ball
1-1: Swinging Strike
1-2: Strikes out swinging
Batting: RHB Don Thomas 0-0: Called Strike
0-1: Ball
1-1: Swinging Strike
1-2: Foul Ball, location: 2F
1-2: Foul Ball, location: 2F
1-2: SINGLE (Groundball, 5L)
Batting: SHB Javier Peña 0-0: Swinging Strike
0-1: Ball
1-1: Called Strike
1-2: Ground out U3 (Groundball, 3L)
Top of the 9th over - 0 run(s), 1 hit(s), 0 error(s), 1 left on base; Wichita 0 - Salem 2
This league is powered by Out of the Park Baseball, the baseball management simulation game for PC, Mac and Linux
Tuesday, August 2nd, 2016 - OOTP Baseball 16.8 Build 38